Washington Capitals vs Edmonton Oilers
Created - Saturday, May 25, 2024 at 07:14
Goals
|
| Washington Capitals |
1 |
2 |
1 |
4 |
| Edmonton Oilers |
1 |
1 |
1 |
3 |
|
Shots
|
| Washington Capitals |
15 |
14 |
7 |
36 |
| Edmonton Oilers |
8 |
13 |
6 |
27 |
|
1st period
1. Edmonton Oilers , Jake DeBrusk 18 (Mikael Backlund 34) at 2:06
2. Washington Capitals , Brayden Point 36 (David Savard 19, Alex Ovechkin 37) at 7:11 (PP)
Penalties :
Evan Bouchard (EDM) for Cross-checking (Minor) at 4:04, Brett Pesce (EDM) for Delaying the game (Minor) at 7:07, Adrian Kempe (EDM) for Interference (Minor) at 10:28, Mikael Backlund (EDM) for Hooking (Minor) at 16:52
2nd period
3. Washington Capitals , Brayden Point 37 (Jason Robertson 37, Alex Ovechkin 38) at 3:36 (PP)
4. Edmonton Oilers , David Perron 22 (Jake DeBrusk 30, Dawson Mercer 14) at 7:50
5. Washington Capitals , Owen Tippett 20 (Jordan Kyrou 11, John Carlson 23) at 19:16
Penalties :
Jacob Trouba (EDM) for Slashing (Minor) at 2:57, Alex Ovechkin (WSH) for Holding (Minor) at 4:27, Tanner Jeannot (EDM) for Hooking (Minor) at 12:27
3rd period
6. Washington Capitals , Nick Foligno 8 (Nico Hischier 39, John Carlson 24) at 1:25 (SH)
7. Edmonton Oilers , Dawson Mercer 12 (Tanner Jeannot 11) at 6:46
Penalties :
Dylan DeMelo (WSH) for High sticking (Minor) at 0:11, Jeff Carter (EDM) for Boarding (Minor) at 2:26, David Savard (WSH) for Roughing (Minor) at 9:53, David Perron (EDM) for Hooking (Minor) at 10:17, Nick Foligno (WSH) for Hooking (Minor) at 13:34, David Savard (WSH) for Hooking (Minor) at 13:45
Goalie Stats
Sergei Bobrovsky (WSH), 24 saves from 27 shots - (0.889), W, 10-6-1, 60:00 minutes
Matt Murray (EDM), 32 saves from 36 shots - (0.889), L, 3-7-1, 59:08 minutes
Players Stats for Washington Capitals
Player Name G A P +/- PIM S H SB GA TA FO MP PP MP PK MP
------------------------------------------------------------------------------------
Alex Ovechkin 0 2 2 -2 2 2 0 2 2 0 0/0 20:17 5:04 0:00
Brad Marchand 0 0 0 -1 0 4 1 0 0 0 1/1 14:33 0:00 2:40
Brayden Point 2 0 2 -2 0 4 2 0 0 0 13/25 20:14 5:04 0:00
David Savard 0 1 1 0 4 1 1 1 0 1 0/0 22:02 6:50 2:28
Dominik Kubalik 0 0 0 0 0 1 1 0 0 1 0/0 9:56 1:49 0:25
Drake Batherson 0 0 0 -1 0 2 1 1 1 0 0/0 15:55 4:01 0:00
Dylan DeMelo 0 0 0 -1 2 0 3 1 0 1 0/0 17:23 3:25 2:36
Ian Cole 0 0 0 -1 0 3 2 2 0 0 0/0 23:44 1:25 4:09
Isac Lundestrom 0 0 0 0 0 1 0 0 0 1 1/3 7:23 0:08 1:10
Jason Robertson 0 1 1 -2 0 3 0 0 2 0 1/2 19:21 5:04 0:00
John Carlson 0 2 2 1 0 2 1 0 0 0 0/0 21:41 6:39 1:24
Jordan Kyrou 0 1 1 1 0 3 0 1 0 0 0/2 10:07 1:25 0:00
Michael Mcleod 0 0 0 1 0 0 1 0 0 0 8/12 10:45 0:07 3:34
Nick Foligno 1 0 1 1 2 3 0 0 0 1 0/0 11:58 1:50 1:54
Nick Jensen 0 0 0 0 0 1 1 1 0 1 0/0 23:49 3:47 2:24
Nico Hischier 0 1 1 0 0 3 0 1 2 0 7/12 17:41 3:59 1:33
Owen Tippett 1 0 1 1 0 3 0 1 0 0 0/0 11:43 4:33 0:00
Thomas Harley 0 0 0 -1 0 0 0 0 0 0 0/0 11:28 0:00 0:02
Players Stats for Edmonton Oilers
Player Name G A P +/- PIM S H SB GA TA FO MP PP MP PK MP
------------------------------------------------------------------------------------
Adrian Kempe 0 0 0 0 2 0 2 2 0 0 0/3 19:31 2:42 3:59
Alex Iafallo 0 0 0 0 0 2 0 1 0 0 0/1 12:07 0:12 2:35
Blake Wheeler 0 0 0 0 0 3 0 0 0 0 0/4 10:17 0:51 0:21
Boone Jenner 0 0 0 0 0 2 3 0 0 0 8/11 20:54 2:14 4:22
Brandon Carlo 0 0 0 0 0 3 2 0 0 2 0/0 25:27 3:19 5:45
Brett Pesce 0 0 0 2 2 0 0 0 0 0 0/0 13:06 0:00 0:50
Brock Boeser 0 0 0 0 0 4 4 1 1 0 1/6 21:10 2:13 4:15
David Perron 1 0 1 0 2 1 5 1 1 0 0/1 15:52 3:17 1:05
Dawson Mercer 1 1 2 1 0 2 1 0 1 0 3/5 8:50 0:12 1:12
Derek Grant 0 0 0 1 0 0 0 1 1 0 0/0 7:14 0:00 0:00
Evan Bouchard 0 0 0 -1 2 2 0 2 0 1 0/0 21:07 3:13 3:55
Jacob Trouba 0 0 0 0 2 2 1 0 0 0 0/0 24:15 3:19 5:00
Jake DeBrusk 1 1 2 0 0 5 1 0 0 0 0/2 14:12 3:38 0:00
Jeff Carter 0 0 0 0 2 0 2 1 0 0 0/1 10:13 0:38 0:00
Mikael Backlund 0 1 1 0 2 1 0 0 1 0 14/23 19:26 3:38 4:15
Rasmus Ristolainen 0 0 0 -1 0 0 0 0 0 1 0/0 22:37 3:13 5:12
Scott Mayfield 0 0 0 2 0 0 1 0 1 1 0/0 13:39 0:00 1:22
Tanner Jeannot 0 1 1 1 2 0 1 0 0 2 0/0 7:18 0:00 0:00
3 Stars
1 - Brayden Point (WSH)
2 - Dawson Mercer (EDM)
3 - Jake DeBrusk (EDM)
Power Play
Washington Capitals - 2 on 8 Attempt(s) - 25.00%
Edmonton Oilers - 0 on 5 Attempt(s) - 0.00%
Penalty Kill
Washington Capitals - 5 on 5 Attempt(s) - 100.00%
- Score 1 goal in Penalty Kill
Edmonton Oilers - 6 on 8 Attempt(s) - 75.00%
- Score 0 goal in Penalty Kill
Team Stat
Washington Capitals - Hits : 14 - Faceoff Wins : 31 - Blocked Shots : 11 - Penalty Minutes : 10
Edmonton Oilers - Hits : 23 - Faceoff Wins : 26 - Blocked Shots : 9 - Penalty Minutes : 16
Official
Referees : Brad Watson and Brian Pochmara
Linesman : Shane Heyer and Matt MacPherson
Game Notes
No Game Note
Finance
Level 1 -- Attendance: 5433 (90.55%) -- Ticket Income $488,970
Level 2 -- Attendance: 5000 (100.00%) -- Ticket Income $250,000
Level 3 -- Attendance: 2723 (90.77%) -- Ticket Income $81,690
Level 4 -- Attendance: 5000 (100.00%) -- Ticket Income $100,000
Luxury Box -- Attendance: 971 (97.10%) -- Ticket Income $184,490
Game was played at the Rexall Place.
Total Attendance: 19127 (95.64%)
Total Ticket Income: $1,105,150
Other Income: $386,802
Total Income: $1,491,952
Washington Capitals
5 vs 5 Forward
Center Left Wing Right Wing Time % Phy DF OF
1 Brayden Point Alex Ovechkin Jason Robertson 40 1 1 3
2 Nico Hischier Brad Marchand Drake Batherson 30 1 1 3
3 Michael Mcleod Owen Tippett Jordan Kyrou 20 1 1 3
4 Isac Lundestrom Nick Foligno Dominik Kubalik 10 1 1 3
5 vs 5 Defense
Defense Defense Time % Phy DF OF
1 John Carlson David Savard 37 2 3 0
2 Nick Jensen Ian Cole 35 2 3 0
3 Dylan DeMelo Thomas Harley 28 2 3 0
4 John Carlson Ian Cole 0 2 3 0
PowerPlay Forward
Center Left Wing Right Wing Time % Phy DF OF
1 Brayden Point Alex Ovechkin Jason Robertson 60 1 2 2
2 Nico Hischier Owen Tippett Drake Batherson 40 1 2 2
PowerPlay Defense
Defense Defense Time % Phy DF OF
1 David Savard John Carlson 60 1 2 2
2 Dylan DeMelo Nick Jensen 40 1 2 2
Penalty Kill 4 Players Forward
Center Wing Time % Phy DF OF
1 Michael Mcleod Brad Marchand 60 1 2 2
2 Isac Lundestrom Nick Foligno 40 1 2 2
Penalty Kill 4 Players Defense
Defense Defense Time % Phy DF OF
1 David Savard Ian Cole 60 1 2 2
2 Dylan DeMelo Nick Jensen 40 1 2 2
Penalty Kill - 3 Players Forward
Forward Time % Phy DF OF
1 Michael Mcleod 60 1 2 2
2 Isac Lundestrom 40 1 2 2
Penalty Kill - 3 Players Defense
Defense Defense Time % Phy DF OF
1 David Savard Ian Cole 60 1 2 2
2 Dylan DeMelo Nick Jensen 40 1 2 2
4 vs 4 Forward
Center Wing Time % Phy DF OF
1 Brayden Point Alex Ovechkin 60 1 2 2
2 Nico Hischier Jason Robertson 40 1 2 2
4 vs 4 Defense
Defense Defense Time % Phy DF OF
1 David Savard John Carlson 60 1 2 2
2 Dylan DeMelo Nick Jensen 40 1 2 2
Last Minutes Offensive
Center Left Wing Right Wing Defense Defense
Brayden Point Alex Ovechkin Jason Robertson David Savard John Carlson
Last Minutes Defensive
Center Left Wing Right Wing Defense Defense
Nico Hischier Brad Marchand Nick Foligno Nick Jensen Ian Cole
Goaltenders
Starting : Sergei Bobrovsky
Backup : Jake Oettinger
Extra Forwards
Normal : Jordan Kyrou, Drake Batherson, Dominik Kubalik - PP : Owen Tippett, Brayden Point - PK : Nico Hischier
Extra Defensemen
Normal : Nick Jensen, Dylan DeMelo, Ian Cole - PP : John Carlson - PK : Nick Jensen, Dylan DeMelo
Penalty Shots
Jason Robertson, Drake Batherson, Brayden Point, Alex Ovechkin, David Savard
Edmonton Oilers
5 vs 5 Forward
Center Left Wing Right Wing Time % Phy DF OF
1 Boone Jenner Adrian Kempe Brock Boeser 30 1 2 2
2 Mikael Backlund Jake DeBrusk David Perron 30 1 2 2
3 Blake Wheeler Alex Iafallo Jeff Carter 25 1 2 2
4 Dawson Mercer Derek Grant Tanner Jeannot 15 1 2 2
5 vs 5 Defense
Defense Defense Time % Phy DF OF
1 Jacob Trouba Brandon Carlo 35 1 2 2
2 Evan Bouchard Rasmus Ristolainen 35 1 2 2
3 Brett Pesce Scott Mayfield 30 1 2 2
4 Jacob Trouba Brandon Carlo 0 1 2 2
PowerPlay Forward
Center Left Wing Right Wing Time % Phy DF OF
1 Boone Jenner Adrian Kempe Brock Boeser 50 1 2 2
2 Mikael Backlund Jake DeBrusk David Perron 50 1 2 2
PowerPlay Defense
Defense Defense Time % Phy DF OF
1 Jacob Trouba Brandon Carlo 50 1 2 2
2 Evan Bouchard Rasmus Ristolainen 50 1 2 2
Penalty Kill 4 Players Forward
Center Wing Time % Phy DF OF
1 Brock Boeser Boone Jenner 50 1 2 2
2 Adrian Kempe Mikael Backlund 50 1 2 2
Penalty Kill 4 Players Defense
Defense Defense Time % Phy DF OF
1 Jacob Trouba Brandon Carlo 50 1 2 2
2 Evan Bouchard Rasmus Ristolainen 50 1 2 2
Penalty Kill - 3 Players Forward
Forward Time % Phy DF OF
1 Brock Boeser 50 1 2 2
2 Boone Jenner 50 1 2 2
Penalty Kill - 3 Players Defense
Defense Defense Time % Phy DF OF
1 Jacob Trouba Brandon Carlo 50 1 2 2
2 Evan Bouchard Rasmus Ristolainen 50 1 2 2
4 vs 4 Forward
Center Wing Time % Phy DF OF
1 Brock Boeser Boone Jenner 50 1 2 2
2 Adrian Kempe Mikael Backlund 50 1 2 2
4 vs 4 Defense
Defense Defense Time % Phy DF OF
1 Jacob Trouba Brandon Carlo 50 1 2 2
2 Evan Bouchard Rasmus Ristolainen 50 1 2 2
Last Minutes Offensive
Center Left Wing Right Wing Defense Defense
Boone Jenner Adrian Kempe Brock Boeser Jacob Trouba Brandon Carlo
Last Minutes Defensive
Center Left Wing Right Wing Defense Defense
Boone Jenner Adrian Kempe Brock Boeser Jacob Trouba Brandon Carlo
Goaltenders
Starting : Matt Murray
Backup : Juuse Saros
Extra Forwards
Normal : Blake Wheeler, Jeff Carter, Alex Iafallo - PP : Blake Wheeler, Jeff Carter - PK : Alex Iafallo
Extra Defensemen
Normal : Brett Pesce, Scott Mayfield, Evan Bouchard - PP : Brett Pesce - PK : Scott Mayfield, Evan Bouchard
Penalty Shots
Brock Boeser, Boone Jenner, Adrian Kempe, Mikael Backlund, Jake DeBrusk
% Time on Ice - Washington Capitals
Lines # - Real PCT - Wanted PCT - Time Play
Normal Forward
1 - 38% - 40% - 14:58
2 - 29% - 30% - 11:40
3 - 18% - 20% - 7:04
4 - 15% - 10% - 5:57
Normal Defense
1 - 35% - 37% - 13:47
2 - 39% - 35% - 15:37
3 - 24% - 28% - 9:40
4 - 1% - 0% - 0:35
PP Forward
1 - 60% - 60% - 6:38
2 - 40% - 40% - 4:24
PP Defense
1 - 60% - 60% - 6:39
2 - 40% - 40% - 4:23
PK Forward
1 - 82% - 60% - 3:54
2 - 18% - 40% - 0:50
PK Defense
1 - 67% - 60% - 3:11
2 - 33% - 40% - 1:33
PK3 Forward
1 - 81% - 60% - 1:28
2 - 19% - 40% - 0:20
PK3 Defense
1 - 65% - 60% - 1:10
2 - 35% - 40% - 0:38
44 Forward
1 - 77% - 60% - 1:13
2 - 23% - 40% - 0:22
44 Defense
1 - 100% - 60% - 1:35
2 - 0% - 40% - 0:00
Last Minute Offensive - 0:00
Last Minute Defensive - 1:12
Total
Forward - 60:00
Defense - 60:00
|
% Time on Ice - Edmonton Oilers
Lines # - Real PCT - Wanted PCT - Time Play
Normal Forward
1 - 33% - 30% - 13:02
2 - 27% - 30% - 10:46
3 - 22% - 25% - 8:40
4 - 18% - 15% - 7:14
Normal Defense
1 - 36% - 35% - 14:24
2 - 33% - 35% - 13:04
3 - 31% - 30% - 12:14
4 - 0% - 0% - 0:00
PP Forward
1 - 41% - 50% - 2:42
2 - 59% - 50% - 3:50
PP Defense
1 - 51% - 50% - 3:19
2 - 49% - 50% - 3:13
PK Forward
1 - 45% - 50% - 5:00
2 - 55% - 50% - 6:02
PK Defense
1 - 52% - 50% - 5:43
2 - 48% - 50% - 5:19
PK3 Forward
1 - 0% - 50%
2 - 0% - 50%
PK3 Defense
1 - 0% - 50%
2 - 0% - 50%
44 Forward
1 - 49% - 50% - 0:47
2 - 51% - 50% - 0:48
44 Defense
1 - 38% - 50% - 0:36
2 - 62% - 50% - 0:59
Last Minute Offensive - 1:09
Last Minute Defensive - 0:00
Total
Forward - 60:00
Defense - 60:00
|
Play-by-Play
1st period
0:01 of 1st period - Brayden Point wins face-off versus Boone Jenner in neutral zone.
0:14 of 1st period - Snap shot by Brock Boeser.
0:14 of 1st period - Stopped by Sergei Bobrovsky with a rebound.
0:45 of 1st period - David Savard is hit by David Perron and loses puck.
1:18 of 1st period - Snap shot by Dominik Kubalik.
1:18 of 1st period - Stopped by Matt Murray with a rebound.
1:57 of 1st period - Snap shot by Drake Batherson.
1:57 of 1st period - Deflect By Nico Hischier.
1:57 of 1st period - Stopped by Matt Murray without a rebound.
1:58 of 1st period - Mikael Backlund wins face-off versus Nico Hischier in Edmonton Oilers zone.
2:04 of 1st period - Snap shot by Mikael Backlund.
2:04 of 1st period - Stopped by Sergei Bobrovsky with a rebound.
2:06 of 1st period - Wrist shot by Jake DeBrusk.
2:06 of 1st period - Goal by Jake DeBrusk - Washington Capitals : 0 - Edmonton Oilers : 1.
2:07 of 1st period - Mikael Backlund wins face-off versus Jason Robertson in neutral zone.
2:10 of 1st period - Thomas Harley is hit by David Perron and loses puck.
2:39 of 1st period - Wrist shot by Jordan Kyrou.
2:39 of 1st period - Shot Blocked by Jeff Carter.
2:52 of 1st period - Off-side.
2:53 of 1st period - Nico Hischier wins face-off versus Dawson Mercer in neutral zone.
2:58 of 1st period - Snap shot by Brad Marchand.
2:58 of 1st period - Stopped by Matt Murray without a rebound.
2:59 of 1st period - Nico Hischier wins face-off versus Boone Jenner in Edmonton Oilers zone.
3:04 of 1st period - Snap shot by Brad Marchand.
3:04 of 1st period - Shot Misses the Net.
3:41 of 1st period - Slapshot by Adrian Kempe.
3:41 of 1st period - Shot Blocked by Nico Hischier.
3:47 of 1st period - Scott Mayfield is hit by Brad Marchand and loses puck.
3:56 of 1st period - Wrist shot by Brad Marchand.
3:56 of 1st period - Shot Misses the Net.
3:58 of 1st period - Wrist shot by Nico Hischier.
3:58 of 1st period - Stopped by Matt Murray with a rebound.
4:00 of 1st period - Slapshot by Ian Cole.
4:00 of 1st period - Stopped by Matt Murray without a rebound.
4:01 of 1st period - Mikael Backlund wins face-off versus Brayden Point in Edmonton Oilers zone.
4:01 of 1st period - Mikael Backlund is hit by Brayden Point.
4:04 of 1st period - Minor Penalty to Evan Bouchard for Cross-checking.
4:05 of 1st period - Brayden Point wins face-off versus Adrian Kempe in Edmonton Oilers zone.
4:09 of 1st period - Wrist shot by Brayden Point.
4:09 of 1st period - Shot Blocked by Adrian Kempe.
4:11 of 1st period - Slapshot by David Savard.
4:11 of 1st period - Shot Blocked by Adrian Kempe.
6:01 of 1st period - Rasmus Ristolainen is hit by Dylan DeMelo and loses puck.
6:04 of 1st period - Penalty to Evan Bouchard is over, Evan Bouchard is back on ice.
6:27 of 1st period - Snap shot by Blake Wheeler.
6:27 of 1st period - Shot Blocked by Jordan Kyrou.
6:29 of 1st period - Wrist shot by Alex Iafallo.
6:29 of 1st period - Stopped by Sergei Bobrovsky without a rebound.
6:30 of 1st period - Michael Mcleod wins face-off versus Dawson Mercer in Washington Capitals zone.
7:07 of 1st period - Minor Penalty to Brett Pesce for Delaying the game.
7:08 of 1st period - Brayden Point wins face-off versus Adrian Kempe in Edmonton Oilers zone.
7:09 of 1st period - Snap shot by Alex Ovechkin.
7:09 of 1st period - Stopped by Matt Murray with a rebound.
7:11 of 1st period - Slapshot by David Savard.
7:11 of 1st period - Deflect By Brayden Point.
7:11 of 1st period - Goal by Brayden Point - Washington Capitals : 1 - Edmonton Oilers : 1.
7:12 of 1st period - Mikael Backlund wins face-off versus Brayden Point in neutral zone.
7:19 of 1st period - Slapshot by Jake DeBrusk.
7:19 of 1st period - Shot Blocked by Alex Ovechkin.
7:21 of 1st period - Slapshot by Jake DeBrusk.
7:21 of 1st period - Stopped by Sergei Bobrovsky with a rebound.
7:23 of 1st period - Slapshot by Evan Bouchard.
7:23 of 1st period - Shot Blocked by Alex Ovechkin.
7:37 of 1st period - Alex Ovechkin is hit by Dawson Mercer and loses puck.
8:04 of 1st period - Snap shot by Brock Boeser.
8:04 of 1st period - Stopped by Sergei Bobrovsky without a rebound.
8:05 of 1st period - Nico Hischier wins face-off versus Boone Jenner in Washington Capitals zone.
8:05 of 1st period - Nico Hischier is hit by Brock Boeser.
8:59 of 1st period - Wrist shot by Brock Boeser.
8:59 of 1st period - Shot Misses the Net.
9:01 of 1st period - Slapshot by Evan Bouchard.
9:01 of 1st period - Shot Misses the Net.
9:03 of 1st period - Slapshot by Evan Bouchard.
9:03 of 1st period - Deflect By Drake Batherson.
9:03 of 1st period - Stopped by Sergei Bobrovsky with a rebound.
9:05 of 1st period - Slapshot by Rasmus Ristolainen.
9:05 of 1st period - Shot Misses the Net.
9:07 of 1st period - Snap shot by Brock Boeser.
9:07 of 1st period - Shot Misses the Net.
9:09 of 1st period - Snap shot by Boone Jenner.
9:09 of 1st period - Shot Misses the Net.
9:15 of 1st period - Snap shot by Brock Boeser.
9:15 of 1st period - Shot Hit the Post.
9:17 of 1st period - Slapshot by Rasmus Ristolainen.
9:17 of 1st period - Shot Misses the Net.
9:19 of 1st period - Slapshot by Rasmus Ristolainen.
9:19 of 1st period - Shot Misses the Net.
9:31 of 1st period - Snap shot by Drake Batherson.
9:31 of 1st period - Stopped by Matt Murray with a rebound.
9:39 of 1st period - Snap shot by Brad Marchand.
9:39 of 1st period - Stopped by Matt Murray with a rebound.
10:28 of 1st period - Minor Penalty to Adrian Kempe for Interference.
10:29 of 1st period - Jason Robertson wins face-off versus Alex Iafallo in Edmonton Oilers zone.
11:46 of 1st period - Wrist shot by Jordan Kyrou.
11:46 of 1st period - Stopped by Matt Murray with a rebound.
12:28 of 1st period - Penalty to Adrian Kempe is over, Adrian Kempe is back on ice.
12:30 of 1st period - Wrist shot by Owen Tippett.
12:30 of 1st period - Shot Misses the Net.
12:57 of 1st period - Icing by Ian Cole.
12:58 of 1st period - Isac Lundestrom wins face-off versus Jeff Carter in Washington Capitals zone.
14:07 of 1st period - Wrist shot by Blake Wheeler.
14:07 of 1st period - Stopped by Sergei Bobrovsky without a rebound.
14:08 of 1st period - Nico Hischier wins face-off versus Blake Wheeler in Washington Capitals zone.
14:17 of 1st period - Snap shot by Drake Batherson.
14:17 of 1st period - Shot Blocked by Alex Iafallo.
14:40 of 1st period - Icing by Jason Robertson.
14:41 of 1st period - Mikael Backlund wins face-off versus Brayden Point in Washington Capitals zone.
15:03 of 1st period - Brayden Point is hit by Jeff Carter and loses puck.
15:15 of 1st period - Snap shot by Jason Robertson.
15:15 of 1st period - Stopped by Matt Murray with a rebound.
15:33 of 1st period - Snap shot by Jason Robertson.
15:33 of 1st period - Shot Misses the Net.
15:35 of 1st period - Wrist shot by Brayden Point.
15:35 of 1st period - Shot Blocked by Derek Grant.
16:09 of 1st period - Evan Bouchard is hit by Brayden Point and loses puck.
16:30 of 1st period - Slapshot by Brayden Point.
16:30 of 1st period - Deflect By Jason Robertson.
16:30 of 1st period - Stopped by Matt Murray with a rebound.
16:32 of 1st period - Backhand shot by Nick Jensen.
16:32 of 1st period - Stopped by Matt Murray with a rebound.
16:34 of 1st period - Snap shot by Ian Cole.
16:34 of 1st period - Stopped by Matt Murray with a rebound.
16:36 of 1st period - Backhand shot by Ian Cole.
16:36 of 1st period - Stopped by Matt Murray without a rebound.
16:37 of 1st period - Mikael Backlund wins face-off versus Jordan Kyrou in Edmonton Oilers zone.
16:42 of 1st period - David Savard is hit by Brandon Carlo and loses puck.
16:52 of 1st period - Minor Penalty to Mikael Backlund for Hooking.
16:53 of 1st period - Nico Hischier wins face-off versus Brock Boeser in Edmonton Oilers zone.
17:44 of 1st period - Boone Jenner is hit by Dylan DeMelo and loses puck.
18:52 of 1st period - Penalty to Mikael Backlund is over, Mikael Backlund is back on ice.
19:21 of 1st period - Thomas Harley is hit by Tanner Jeannot and loses puck.
Goals for this period are 1 for Washington Capitals vs 1 for Edmonton Oilers.
Shots for this period are 15 for Washington Capitals vs 8 for Edmonton Oilers.
2nd period
0:01 of 2nd period - Mikael Backlund wins face-off versus Brayden Point in neutral zone.
0:31 of 2nd period - Snap shot by Owen Tippett.
0:31 of 2nd period - Stopped by Matt Murray without a rebound.
0:32 of 2nd period - Michael Mcleod wins face-off versus Blake Wheeler in Edmonton Oilers zone.
0:45 of 2nd period - Snap shot by Alex Iafallo.
0:45 of 2nd period - Shot Blocked by Owen Tippett.
0:47 of 2nd period - Wrist shot by Blake Wheeler.
0:47 of 2nd period - Stopped by Sergei Bobrovsky with a rebound.
0:57 of 2nd period - Mikael Backlund is hit by Nick Jensen and loses puck.
1:28 of 2nd period - Snap shot by Brad Marchand.
1:28 of 2nd period - Shot Misses the Net.
1:31 of 2nd period - Icing by Scott Mayfield.
1:32 of 2nd period - Boone Jenner wins face-off versus Brayden Point in Edmonton Oilers zone.
1:53 of 2nd period - Wrist shot by Adrian Kempe.
1:53 of 2nd period - Shot Misses the Net.
2:20 of 2nd period - Wrist shot by Brayden Point.
2:20 of 2nd period - Stopped by Matt Murray with a rebound.
2:26 of 2nd period - Snap shot by Brayden Point.
2:26 of 2nd period - Shot Misses the Net.
2:28 of 2nd period - Snap shot by Jason Robertson.
2:28 of 2nd period - Stopped by Matt Murray with a rebound.
2:30 of 2nd period - Slapshot by David Savard.
2:30 of 2nd period - Deflect By Alex Ovechkin.
2:30 of 2nd period - Stopped by Matt Murray with a rebound.
2:32 of 2nd period - Slapshot by John Carlson.
2:32 of 2nd period - Deflect By Brayden Point.
2:32 of 2nd period - Stopped by Matt Murray without a rebound.
2:33 of 2nd period - Michael Mcleod wins face-off versus David Perron in Edmonton Oilers zone.
2:57 of 2nd period - Minor Penalty to Jacob Trouba for Slashing.
2:58 of 2nd period - Nico Hischier wins face-off versus Brock Boeser in Edmonton Oilers zone.
3:04 of 2nd period - Wrist shot by Drake Batherson.
3:04 of 2nd period - Shot Misses the Net.
3:06 of 2nd period - Slapshot by David Savard.
3:06 of 2nd period - Shot Misses the Net.
3:08 of 2nd period - Snap shot by John Carlson.
3:08 of 2nd period - Stopped by Matt Murray without a rebound.
3:09 of 2nd period - Brayden Point wins face-off versus Brock Boeser in Edmonton Oilers zone.
3:23 of 2nd period - Off-side.
3:24 of 2nd period - Brayden Point wins face-off versus Mikael Backlund in neutral zone.
3:32 of 2nd period - Snap shot by Jason Robertson.
3:32 of 2nd period - Shot Misses the Net.
3:36 of 2nd period - Slapshot by Brayden Point.
3:36 of 2nd period - Goal by Brayden Point - Washington Capitals : 2 - Edmonton Oilers : 1.
3:37 of 2nd period - Brayden Point wins face-off versus Mikael Backlund in neutral zone.
3:51 of 2nd period - Jason Robertson is hit by David Perron and loses puck.
4:27 of 2nd period - Minor Penalty to Alex Ovechkin for Holding.
4:28 of 2nd period - Boone Jenner wins face-off versus Michael Mcleod in Washington Capitals zone.
4:41 of 2nd period - Wrist shot by Adrian Kempe.
4:41 of 2nd period - Shot Misses the Net.
4:43 of 2nd period - Snap shot by Brandon Carlo.
4:43 of 2nd period - Deflect By Brad Marchand.
4:43 of 2nd period - Stopped by Sergei Bobrovsky with a rebound.
4:45 of 2nd period - Slapshot by Brandon Carlo.
4:45 of 2nd period - Stopped by Sergei Bobrovsky with a rebound.
5:03 of 2nd period - Snap shot by Evan Bouchard.
5:03 of 2nd period - Stopped by Sergei Bobrovsky with a rebound.
5:05 of 2nd period - Snap shot by Jake DeBrusk.
5:05 of 2nd period - Stopped by Sergei Bobrovsky with a rebound.
5:25 of 2nd period - Nick Foligno is hit by David Perron and loses puck.
6:27 of 2nd period - Penalty to Alex Ovechkin is over, Alex Ovechkin is back on ice.
7:06 of 2nd period - Snap shot by Dawson Mercer.
7:06 of 2nd period - Stopped by Sergei Bobrovsky without a rebound.
7:07 of 2nd period - Michael Mcleod wins face-off versus Blake Wheeler in Washington Capitals zone.
7:48 of 2nd period - Snap shot by David Perron.
7:48 of 2nd period - Shot Misses the Net.
7:50 of 2nd period - Wrist shot by Jake DeBrusk.
7:50 of 2nd period - Deflect By David Perron.
7:50 of 2nd period - Goal by David Perron - Washington Capitals : 2 - Edmonton Oilers : 2.
7:51 of 2nd period - Brayden Point wins face-off versus Mikael Backlund in neutral zone.
8:23 of 2nd period - David Savard is hit by Brandon Carlo and loses puck.
8:40 of 2nd period - Snap shot by Jordan Kyrou.
8:40 of 2nd period - Deflect By Owen Tippett.
8:40 of 2nd period - Shot Blocked by Brock Boeser.
8:40 of 2nd period - Puck is out of play.
8:41 of 2nd period - Michael Mcleod wins face-off versus Mikael Backlund in Edmonton Oilers zone.
8:44 of 2nd period - Snap shot by Owen Tippett.
8:44 of 2nd period - Stopped by Matt Murray without a rebound.
8:45 of 2nd period - Mikael Backlund wins face-off versus Brayden Point in Edmonton Oilers zone.
9:23 of 2nd period - Blake Wheeler is hit by Drake Batherson and loses puck.
10:00 of 2nd period - Slapshot by Owen Tippett.
10:00 of 2nd period - Shot Misses the Net.
10:02 of 2nd period - Snap shot by Jordan Kyrou.
10:02 of 2nd period - Stopped by Matt Murray without a rebound.
10:03 of 2nd period - Brayden Point wins face-off versus Mikael Backlund in Edmonton Oilers zone.
11:01 of 2nd period - Off-side.
11:02 of 2nd period - Boone Jenner wins face-off versus Nico Hischier in neutral zone.
11:02 of 2nd period - Boone Jenner is hit by Ian Cole.
11:19 of 2nd period - Off-side.
11:20 of 2nd period - Michael Mcleod wins face-off versus Blake Wheeler in neutral zone.
11:39 of 2nd period - Nick Jensen is hit by Jeff Carter and loses puck.
11:57 of 2nd period - Ian Cole is hit by Brock Boeser.
12:27 of 2nd period - Minor Penalty to Tanner Jeannot for Hooking.
12:28 of 2nd period - Brayden Point wins face-off versus Brock Boeser in Edmonton Oilers zone.
12:59 of 2nd period - Boone Jenner is hit by David Savard and loses puck.
13:40 of 2nd period - Dylan DeMelo is hit by Brock Boeser and loses puck.
14:27 of 2nd period - Penalty to Tanner Jeannot is over, Tanner Jeannot is back on ice.
14:44 of 2nd period - Wrist shot by Alex Iafallo.
14:44 of 2nd period - Shot Misses the Net.
14:46 of 2nd period - Snap shot by Brett Pesce.
14:46 of 2nd period - Deflect By Blake Wheeler.
14:46 of 2nd period - Stopped by Sergei Bobrovsky without a rebound.
14:47 of 2nd period - Dawson Mercer wins face-off versus Isac Lundestrom in Washington Capitals zone.
15:25 of 2nd period - Off-side.
15:26 of 2nd period - Mikael Backlund wins face-off versus Nico Hischier in neutral zone.
15:35 of 2nd period - Wrist shot by Jake DeBrusk.
15:35 of 2nd period - Stopped by Sergei Bobrovsky without a rebound.
15:36 of 2nd period - Mikael Backlund wins face-off versus Brayden Point in Washington Capitals zone.
15:47 of 2nd period - Ian Cole is hit by Jake DeBrusk and loses puck.
15:54 of 2nd period - Wrist shot by David Perron.
15:54 of 2nd period - Shot Misses the Net.
15:56 of 2nd period - Backhand shot by Jacob Trouba.
15:56 of 2nd period - Stopped by Sergei Bobrovsky with a rebound.
16:08 of 2nd period - Wrist shot by Jake DeBrusk.
16:08 of 2nd period - Shot Misses the Net.
16:10 of 2nd period - Slapshot by Brandon Carlo.
16:10 of 2nd period - Deflect By Jason Robertson.
16:10 of 2nd period - Stopped by Sergei Bobrovsky with a rebound.
16:12 of 2nd period - Wrist shot by Jake DeBrusk.
16:12 of 2nd period - Stopped by Sergei Bobrovsky with a rebound.
16:14 of 2nd period - Slapshot by Jacob Trouba.
16:14 of 2nd period - Stopped by Sergei Bobrovsky without a rebound.
16:15 of 2nd period - Boone Jenner wins face-off versus Nico Hischier in Washington Capitals zone.
16:16 of 2nd period - Wrist shot by Brock Boeser.
16:16 of 2nd period - Shot Blocked by David Savard.
16:26 of 2nd period - David Savard is hit by Boone Jenner and loses puck.
17:05 of 2nd period - Snap shot by Nick Foligno.
17:05 of 2nd period - Stopped by Matt Murray without a rebound.
17:06 of 2nd period - Dawson Mercer wins face-off versus Isac Lundestrom in Edmonton Oilers zone.
17:31 of 2nd period - Jacob Trouba is hit by Dylan DeMelo and loses puck.
17:42 of 2nd period - Wrist shot by David Perron.
17:42 of 2nd period - Shot Misses the Net.
17:58 of 2nd period - Wrist shot by Nico Hischier.
17:58 of 2nd period - Stopped by Matt Murray with a rebound.
18:40 of 2nd period - Backhand shot by Derek Grant.
18:40 of 2nd period - Shot Blocked by Ian Cole.
18:42 of 2nd period - Snap shot by Tanner Jeannot.
18:42 of 2nd period - Deflect By Dawson Mercer.
18:42 of 2nd period - Shot Blocked by Ian Cole.
18:42 of 2nd period - Puck is out of play.
18:43 of 2nd period - Brayden Point wins face-off versus Mikael Backlund in Washington Capitals zone.
18:54 of 2nd period - Wrist shot by Brayden Point.
18:54 of 2nd period - Shot Misses the Net.
18:56 of 2nd period - Slapshot by David Savard.
18:56 of 2nd period - Deflect By David Perron.
18:56 of 2nd period - Stopped by Matt Murray with a rebound.
18:58 of 2nd period - Snap shot by John Carlson.
18:58 of 2nd period - Stopped by Matt Murray with a rebound.
19:00 of 2nd period - Slapshot by John Carlson.
19:00 of 2nd period - Shot Blocked by David Perron.
19:16 of 2nd period - Snap shot by Owen Tippett.
19:16 of 2nd period - Goal by Owen Tippett - Washington Capitals : 3 - Edmonton Oilers : 2.
19:17 of 2nd period - Boone Jenner wins face-off versus Brayden Point in neutral zone.
Goals for this period are 2 for Washington Capitals vs 1 for Edmonton Oilers.
Shots for this period are 14 for Washington Capitals vs 13 for Edmonton Oilers.
3rd period
0:01 of 3rd period - Mikael Backlund wins face-off versus Brayden Point in neutral zone.
0:11 of 3rd period - Minor Penalty to Dylan DeMelo for High sticking.
0:12 of 3rd period - Michael Mcleod wins face-off versus Mikael Backlund in Washington Capitals zone.
0:37 of 3rd period - Brad Marchand is hit by Adrian Kempe and loses puck.
1:09 of 3rd period - Icing by Mikael Backlund.
1:10 of 3rd period - Nico Hischier wins face-off versus Mikael Backlund in Edmonton Oilers zone.
1:23 of 3rd period - Snap shot by Nick Foligno.
1:23 of 3rd period - Shot Blocked by Evan Bouchard.
1:25 of 3rd period - Wrist shot by Nick Foligno.
1:25 of 3rd period - Goal by Nick Foligno - Washington Capitals : 4 - Edmonton Oilers : 2.
1:26 of 3rd period - Boone Jenner wins face-off versus Michael Mcleod in neutral zone.
2:11 of 3rd period - Penalty to Dylan DeMelo is over, Dylan DeMelo is back on ice.
2:24 of 3rd period - Snap shot by Jason Robertson.
2:24 of 3rd period - Shot Misses the Net.
2:26 of 3rd period - Minor Penalty to Jeff Carter for Boarding.
2:27 of 3rd period - Brock Boeser wins face-off versus Brayden Point in Edmonton Oilers zone.
4:26 of 3rd period - Penalty to Jeff Carter is over, Jeff Carter is back on ice.
4:39 of 3rd period - Jacob Trouba is hit by Dominik Kubalik.
4:45 of 3rd period - Wrist shot by Jeff Carter.
4:45 of 3rd period - Shot Misses the Net.
4:51 of 3rd period - Slapshot by Brock Boeser.
4:51 of 3rd period - Stopped by Sergei Bobrovsky with a rebound.
5:05 of 3rd period - Snap shot by Alex Iafallo.
5:05 of 3rd period - Stopped by Sergei Bobrovsky without a rebound.
5:06 of 3rd period - Dawson Mercer wins face-off versus Michael Mcleod in Washington Capitals zone.
5:43 of 3rd period - Slapshot by Nick Foligno.
5:43 of 3rd period - Stopped by Matt Murray with a rebound.
5:45 of 3rd period - Snap shot by Isac Lundestrom.
5:45 of 3rd period - Shot Misses the Net.
5:47 of 3rd period - Wrist shot by Nick Foligno.
5:47 of 3rd period - Shot Blocked by Evan Bouchard.
5:49 of 3rd period - Snap shot by Isac Lundestrom.
5:49 of 3rd period - Stopped by Matt Murray without a rebound.
5:50 of 3rd period - Mikael Backlund wins face-off versus Brayden Point in Edmonton Oilers zone.
6:41 of 3rd period - Jason Robertson is hit by Scott Mayfield and loses puck.
6:46 of 3rd period - Wrist shot by Dawson Mercer.
6:46 of 3rd period - Goal by Dawson Mercer - Washington Capitals : 4 - Edmonton Oilers : 3.
6:47 of 3rd period - Boone Jenner wins face-off versus Nico Hischier in neutral zone.
6:50 of 3rd period - John Carlson is hit by Brock Boeser and loses puck.
7:59 of 3rd period - Slapshot by Tanner Jeannot.
7:59 of 3rd period - Shot Blocked by Nick Jensen.
8:21 of 3rd period - Slapshot by Brock Boeser.
8:21 of 3rd period - Shot Misses the Net.
8:23 of 3rd period - Wrist shot by Boone Jenner.
8:23 of 3rd period - Stopped by Sergei Bobrovsky with a rebound.
8:25 of 3rd period - Snap shot by Boone Jenner.
8:25 of 3rd period - Shot Misses the Net.
8:27 of 3rd period - Slapshot by Brock Boeser.
8:27 of 3rd period - Stopped by Sergei Bobrovsky with a rebound.
8:29 of 3rd period - Wrist shot by Boone Jenner.
8:29 of 3rd period - Shot Blocked by Drake Batherson.
8:54 of 3rd period - Snap shot by Brad Marchand.
8:54 of 3rd period - Shot Misses the Net.
9:32 of 3rd period - Snap shot by Brad Marchand.
9:32 of 3rd period - Stopped by Matt Murray without a rebound.
9:33 of 3rd period - Brayden Point wins face-off versus Jake DeBrusk in Edmonton Oilers zone.
9:53 of 3rd period - Minor Penalty to David Savard for Roughing.
9:54 of 3rd period - Brad Marchand wins face-off versus Mikael Backlund in Washington Capitals zone.
9:54 of 3rd period - Brad Marchand is hit by David Perron.
9:59 of 3rd period - Mikael Backlund is hit by Ian Cole and loses puck.
10:17 of 3rd period - Minor Penalty to David Perron for Hooking.
10:18 of 3rd period - Brayden Point wins face-off versus Brock Boeser in Edmonton Oilers zone.
10:32 of 3rd period - Wrist shot by Boone Jenner.
10:32 of 3rd period - Stopped by Sergei Bobrovsky without a rebound.
10:33 of 3rd period - Brayden Point wins face-off versus Adrian Kempe in Washington Capitals zone.
11:31 of 3rd period - Jason Robertson is hit by Jacob Trouba and loses puck.
11:53 of 3rd period - Penalty to David Savard is over, David Savard is back on ice.
12:17 of 3rd period - Penalty to David Perron is over, David Perron is back on ice.
12:38 of 3rd period - Isac Lundestrom is hit by Boone Jenner and loses puck.
13:08 of 3rd period - Isac Lundestrom is hit by Boone Jenner and loses puck.
13:34 of 3rd period - Minor Penalty to Nick Foligno for Hooking.
13:35 of 3rd period - Mikael Backlund wins face-off versus Michael Mcleod in Washington Capitals zone.
13:43 of 3rd period - Snap shot by Jake DeBrusk.
13:43 of 3rd period - Shot Blocked by Dylan DeMelo.
13:45 of 3rd period - Minor Penalty to David Savard for Hooking.
13:46 of 3rd period - Michael Mcleod wins face-off versus Jake DeBrusk in Washington Capitals zone.
13:57 of 3rd period - Evan Bouchard is hit by Michael Mcleod and loses puck.
14:24 of 3rd period - Ian Cole is hit by Adrian Kempe and loses puck.
15:34 of 3rd period - Penalty to Nick Foligno is over, Nick Foligno is back on ice.
15:45 of 3rd period - Penalty to David Savard is over, David Savard is back on ice.
16:06 of 3rd period - Snap shot by Brad Marchand.
16:06 of 3rd period - Stopped by Matt Murray without a rebound.
16:07 of 3rd period - Mikael Backlund wins face-off versus Brayden Point in Edmonton Oilers zone.
17:25 of 3rd period - David Perron is hit by John Carlson and loses puck.
17:30 of 3rd period - Snap shot by Drake Batherson.
17:30 of 3rd period - Stopped by Matt Murray with a rebound.
18:15 of 3rd period - Snap shot by Jordan Kyrou.
18:15 of 3rd period - Stopped by Matt Murray with a rebound.
19:02 of 3rd period - Off-side.
19:03 of 3rd period - Jon Cooper call a timeout for Edmonton Oilers.
19:03 of 3rd period - Boone Jenner wins face-off versus Jordan Kyrou in neutral zone.
19:08 of 3rd period - Edmonton Oilers, Matt Murray is pulled from the net.
19:38 of 3rd period - Snap shot by Jordan Kyrou.
19:38 of 3rd period - Shot Misses the Net.
Goals for this period are 1 for Washington Capitals vs 1 for Edmonton Oilers.
Shots for this period are 7 for Washington Capitals vs 6 for Edmonton Oilers.
Back to the Top